 Dungeon Crawl Stone Soup version 0.21.1-1-g345015f (webtiles) character file.

2377 grindst0ne the Fighter (level 9, -1/157 HPs)
             Began as an Ogre Hunter on Feb 26, 2018.
             Was a Believer of Okawaru.
             Incinerated by MenacingMecha's ghost (2 damage)
             ... with a sticky flame
             ... on level 7 of the Dungeon.
             The game lasted 00:15:10 (7941 turns).

grindst0ne the Fighter (Ogre Hunter)                Turns: 7941, Time: 00:15:11

Health: -1/157     AC: 24    Str: 18    XL:     9   Next: 45%
Magic:  9/9        EV:  1    Int: 14    God:    Okawaru [**....]
Gold:   430        SH:  0    Dex: 17    Spells: 8/8 levels left

rFire    + . .     SeeInvis .   A - +0 dagger (venom)
rCold    + + .     Gourm    .   (no shield)
rNeg     + + +     Faith    .   (armour currently unavailable)
rPois    +         Spirit   .   (helmet currently unavailable)
rElec    +         Reflect  .   (cloak currently unavailable)
rCorr    +         Harm     .   (gloves unavailable)
MR       .....     NoTele   +   (boots unavailable)
Stlth    +.........             (no amulet)
HPRegen  0.36/turn              u - ring of protection from cold
MPRegen  0.11/turn              q - +2 ring of intelligence

@: agile, lethally poisoned (-1 -> -6), liquid flames, tree-form, resistant,
hasted, glowing, very quick
A: large, unfitting armour
a: Heroism, Renounce Religion


You were on level 7 of the Dungeon.
You worshipped Okawaru.
Okawaru was pleased with you.
You were not hungry.
You were a tree.
You visited 2 branches of the dungeon, and saw 8 of its levels.

You collected 430 gold pieces.

Inventory:

Hand Weapons
 a - a +0 short sword
 z - a +0 giant club
 A - a +0 dagger of venom (weapon)
Armour
 b - a +0 robe (melded)
Jewellery
 q - a +2 ring of intelligence (right branch)
 u - a ring of protection from cold (left branch)
Wands
 B - a wand of random effects (32)
Scrolls
 e - 2 scrolls of fear {unknown}
 g - a scroll of magic mapping {unknown}
 h - 2 scrolls of remove curse
 i - 3 scrolls of enchant armour {unknown}
 j - 7 scrolls of teleportation
 k - a scroll of blinking {unknown}
 n - a scroll of enchant weapon {unknown}
 o - a scroll of vulnerability {unknown}
 r - a scroll of random uselessness {unknown}
 s - a scroll of immolation {unknown}
 v - a scroll of fog {unknown}
 y - a scroll of holy word {unknown}
 C - a scroll of acquirement {unknown}
 D - a scroll of amnesia {unknown}
Potions
 t - 2 potions of flight
 w - a potion of brilliance
 x - 2 potions of cancellation
 E - a potion of magic
Comestibles
 f - 11 rations
 G - 3 chunks of flesh


   Skills:
 + Level 11.2 Fighting
 + Level 9.4 Throwing
 + Level 3.3 Dodging
 - Level 0.6 Stealth


You had 8 spell levels left.
You didn't know any spells.

Dungeon Overview and Level Annotations

Branches:
Dungeon (7/15)             Temple (1/1) D:5

Altars:
Ashenzari
Cheibriados
Elyvilon
Fedhas
Gozag
Hepliaklqana
Kikubaaqudgha
Makhleb
Okawaru
Qazlal
Ru
Sif Muna
Trog
Uskayaw
Vehumet
Xom
Yredelemnul
Zin
The Shining One
Lugonu

Annotations:
D:6 exclusion: downstairs


Innate Abilities, Weirdness & Mutations

You are too large for most types of armour.
((You have tough skin. (AC +1)))


Message History

You feel sick.
You feel protected.
You are covered in liquid flames!
* * * LOW HITPOINT WARNING * * *
You feel sick.
Okay, then.
Okay, then.
You are covered in liquid flames!
* * * LOW HITPOINT WARNING * * *
You are covered in liquid flames!
* * * LOW HITPOINT WARNING * * *
You feel sick.
You are covered in liquid flames!
* * * LOW HITPOINT WARNING * * *
x2 You feel sick.
You are covered in liquid flames!
* * * LOW HITPOINT WARNING * * *
x2 You feel sick.
You are covered in liquid flames!
You die...

..# #..####........#
).###............#.#
....#.....##.P.P.#.##
...........#.P_P..(.######
.............P.PP........##
............#.P...........##
............#.............>#
............#....(.........#
............#...♣.(........#
...........###.............#
.........###8###...........#
.........#._._.#..........##
###..######...##.........##
#... #⌠.⌠##.######### ##...
##'##..# ### #....## ######


There were no monsters in sight!

Vanquished Creatures
  The ghost of MenacingMecha the Destroyer, a novice TeFE of Vehumet (D:7)
  The ghost of grindst0ne the Skirmisher, an amateur DgAE (D:4)
  An ice beast (D:5)
  An orc warrior (D:6)
  2 sky beasts
  A phantom (D:4)
  2 ogres (D:4)
  2 centaurs
  A big kobold (D:7)
  A scorpion (D:4)
  2 howler monkeys
  A crimson imp (D:5)
  2 jellies
  2 centaur zombies
  2 hounds
  An orc priest (D:5)
  4 orc wizards
  A bullfrog skeleton (D:4)
  An iguana (D:5)
  6 worker ants
  A worker ant zombie (D:7)
  3 gnolls (D:4)
  10 adders
  A howler monkey skeleton (D:7)
  A shadow imp (D:6)
  An ooze (D:1)
  An adder skeleton (D:4)
  3 worms
  2 dart slugs
  4 leopard geckos
  17 orcs
  2 ball pythons
  10 giant cockroaches
  7 goblins
  3 hobgoblins
  6 jackals
  4 quokkas
  8 bats
  3 frilled lizards
  8 kobolds
  A quokka skeleton (D:6)
  5 rats
136 creatures vanquished.

Vanquished Creatures (others)
  3 fungi
  A plant (D:7)
  4 toadstools (D:1)
8 creatures vanquished.

Grand Total: 144 creatures vanquished

Notes
Turn   | Place    | Note
-------+----------+-------------------------------------------
     0 | D:1      | grindst0ne the Ogre Hunter began the quest for the Orb.
     0 | D:1      | Reached XP level 1. HP: 22/22 MP: 1/1
    42 | D:1      | Reached skill level 3 in Fighting
    93 | D:1      | Reached XP level 2. HP: 24/31 MP: 2/2
   463 | D:1      | Reached XP level 3. HP: 28/39 MP: 3/3
   941 | D:2      | Reached skill level 4 in Fighting
  1299 | D:2      | Reached XP level 4. HP: 40/49 MP: 4/4
  1861 | D:3      | Noticed a centaur
  1864 | D:3      | Killed a centaur
  1864 | D:3      | Reached skill level 5 in Fighting
  1864 | D:3      | Reached skill level 5 in Throwing
  1864 | D:3      | Reached XP level 5. HP: 21/57 MP: 5/5
  2161 | D:3      | You fall through a shaft for 3 floors!
  2172 | D:5      | Entered Level 5 of the Dungeon
  2204 | D:5      | Found a staircase to the Ecumenical Temple.
  2213 | Temple   | Entered the Ecumenical Temple
  2255 | Temple   | Became a worshipper of Warmaster Okawaru
  2294 | D:5      | Noticed an ice beast
  2303 | D:5      | Killed an ice beast
  2303 | D:5      | Reached skill level 6 in Fighting
  2303 | D:5      | Reached XP level 6. HP: 50/67 MP: 6/6
  2589 | D:5      | Found a white marble altar of Elyvilon.
  2589 | D:5      | Found a glowing silver altar of Zin.
  2600 | D:5      | Found a glowing golden altar of the Shining One.
  2678 | D:4      | Noticed grindst0ne's ghost (amateur DgAE)
  2737 | D:4      | Killed grindst0ne's ghost
  2737 | D:4      | Reached * piety under Okawaru
  2737 | D:4      | Reached skill level 7 in Fighting
  2737 | D:4      | Reached XP level 7. HP: 69/78 MP: 7/7
  3113 | D:3      | Reached skill level 8 in Fighting
  3383 | D:3      | Found a hazy altar of Hepliaklqana.
  3832 | D:4      | Found a burning altar of Makhleb.
  3846 | D:4      | Reached XP level 8. HP: 66/89 MP: 8/8
  3888 | D:4      | Reached skill level 9 in Fighting
  4116 | D:4      | Found a basalt altar of Yredelemnul.
  4264 | D:4      | Found a bloodstained altar of Trog.
  5071 | D:5      | Reached ** piety under Okawaru
  5430 | D:5      | Found a glowing golden altar of the Shining One.
  5563 | D:5      | Reached skill level 10 in Fighting
  5886 | D:6      | Noticed a dagger
  5887 | D:6      | Noticed a hand axe
  6071 | D:6      | Found a hide-covered altar of Uskayaw.
  6514 | D:7      | Reached XP level 9. HP: 91/102 MP: 9/9
  6550 | D:7      | Found a stormy altar of Qazlal.
  6555 | D:7      | Found a blossoming altar of Fedhas.
  7030 | D:7      | Noticed MenacingMecha's ghost (novice TeFE)
  7875 | D:7      | Found a shimmering altar of Xom.
  7876 | D:7      | Found an opulent altar of Gozag.
  7934 | D:7      | Killed MenacingMecha's ghost
  7934 | D:7      | Reached skill level 11 in Fighting
  7937 | D:7      | HP: 7/157 [burnt (1)]
  7939 | D:7      | HP: 3/157 [poisoned by MenacingMecha's ghost]
  7940 | D:7      | HP: 1/157 [burnt (2)]
  7941 | D:7      | Incinerated by MenacingMecha's ghost

Skill      XL: |  1  2  3  4  5  6  7  8  9 |
---------------+----------------------------+-----
Fighting       | 3 4 5 6 7 8 10 11 | 11.2
Throwing       | 5 6 7 8 9 |  9.4
Dodging        | 3 |  3.3
Stealth        | |  0.6

Action                   |  1- 3 |  4- 6 |  7- 9 || total
-------------------------+-------+-------+-------++-------
Melee: Short sword       |   130 |    65 |    16 ||   211
       Dagger            |       |       |   296 ||   296
Throw: Large rock        |    16 |    26 |    58 ||   100
       Throwing net      |     1 |       |     3 ||     4
  Use: Scroll            |       |     8 |     3 ||    11
       Potion            |       |       |     8 ||     8
 Stab: Sleeping          |       |       |     1 ||     1
  Eat: Chunk             |     1 |     5 |    13 ||    19
       Ration            |       |       |     1 ||     1
Armor: Robe              |    64 |    22 |    70 ||   156
       Skin              |       |       |     2 ||     2
Dodge: Dodged            |    98 |    44 |   169 ||   311
